 Dungeon Crawl Stone Soup version 0.29.1-15-g9cfb28693d (webtiles) character file.

Game seed: 7257699254746813917

28 protoss039 the Digger (level 3, 26/26 HPs)
             Began as a Demonspawn Earth Elementalist on Mar 19, 2023.
             Got out of the dungeon alive.
             The game lasted 00:01:53 (1464 turns).

protoss039 the Digger (DsEE)                        Turns: 1464, Time: 00:01:54

Health: 26/26      AC:  4    Str:  8    XL:     3   Next: 0%
Magic:  6/6        EV: 12    Int: 24    God:
Gold:   57         SH:  0    Dex: 13    Spells: 4/7 levels left

rFire   . . .      SeeInvis .   b - staff of earth
rCold   . . .      Faith    .   (no shield)
rNeg    . . .      Spirit   .   a - +0 robe
rPois   .          Reflect  .   (no helmet)
rElec   .          Harm     .   (no cloak)
rCorr   .          Rampage  .   (no gloves)
Will    .....                   (no boots)
Stlth   ++........              (no amulet)
HPRegen 0.08/turn               g - +6 ring of intelligence
MPRegen 0.10/turn               (no ring)

@: no status effects
A: slimy green scales 1, foul stench 1
a: no special abilities


You escaped.
You visited 1 branch of the dungeon, and saw 2 of its levels.

You collected 57 gold pieces.

Inventory:

Hand Weapons
 d - a +0 war axe
Armour
 a - a +0 robe (worn)
Magical Staves
 b - a staff of earth (weapon)
Jewellery
 g - a +6 ring of intelligence (left hand)
Scrolls
 e - a scroll of teleportation {unknown}
Potions
 c - 2 potions of heal wounds {unknown}
 f - a potion of haste {unknown}
 h - a potion of curing {unknown}


   Skills:
 + Level 1.3 Fighting
 - Level 1.7 Dodging
 - Level 1.7 Stealth
 + Level 2.5 Spellcasting
 - Level 0.8 Transmutations
 + Level 3.1 Earth Magic


You had 4 spell levels left.
You knew the following spells:

 Your Spells              Type           Power      Damage    Failure   Level
a - Sandblast             Erth           52%        2d12      3%          1
b - Passwall              Tmut/Erth      15%        N/A       8%          2

Your spell library contained the following spells:

 Spells                   Type           Power      Damage    Failure   Level
 Ensorcelled Hibernation  Hex/Ice        6%         N/A       17%         2
 Sublimation of Blood     Necr           3%         N/A       17%         2
 Stone Arrow              Conj/Erth      30%        3d8       19%         3
 Spider Form              Tmut/Pois      5%         N/A       28%         3
 Petrify                  Tmut/Erth      18%        N/A       45%         4
 Anguish                  Hex/Necr       1%         N/A       75%         4
 Irradiate                Conj/Tmut      2%         3d12      95%         5


Dungeon Overview and Level Annotations

Branches:
Dungeon (2/15) Zot: 10517

Altars:
Wu Jian


Innate Abilities, Weirdness & Mutations

You are partially covered in slimy green scales. (AC +2)
You may rarely emit foul miasma when damaged in melee.


Message History

Confirm with . or Enter, or press ? or * to list all spells.
Aiming: Sandblast (safe; 3% risk of failure)
Press: ? - help, Shift-Dir - straight line, f/p - hobgoblin
Aim: a hobgoblin (83% to hit)
You feel a surge of power!
The blast of sand hits the hobgoblin.
You kill the hobgoblin!
Unknown command.
Okay, then.
Okay, then.
An endoplasm comes into view.
An endoplasm is nearby!
An endoplasm is nearby!
An endoplasm is nearby!
You see here a hobgoblin corpse.
The endoplasm quivers.
Casting: Sandblast (safe; 3% risk of failure)
Confirm with . or Enter, or press ? or * to list all spells.
Aiming: Sandblast (safe; 3% risk of failure)
Press: ? - help, Shift-Dir - straight line, f - endoplasm
Aim: an endoplasm (98% to hit)
You feel a surge of power!
The blast of sand hits the endoplasm!
You kill the endoplasm!
You have reached level 3!
Your experience leads to an increase in your attributes!
Your base attributes are Str 8, Int 16, Dex 13.
Increase (S)trength, (I)ntelligence, or (D)exterity?
You feel clever. x2; Your demonic ancestry asserts itself...
You begin to emit a foul stench of rot and decay.
(D) Dungeon
Where to? (Enter - D:1 @ (x,y), ? - help)
What level of the Dungeon? (default 1, ? - help)
You see here a hobgoblin corpse.
There is an ornate altar of the Wu Jian Council here.
There is a stone staircase leading up here.
Magic restored.
You climb upwards.
There is a stone staircase leading down here.
There is a staircase leading out of the dungeon here.
Are you sure you want to leave the Dungeon?
This will make you lose the game!
You have escaped!

#.# #......#..
#.###......#..
############..##......#..
#.........##..........#..
#.........##..........#..
#.........##...#.........
#...♣.....##...#......#..
#....8....##...#......#..
#.......@......########..
#.........#....# ###
#.........##...#
#.........##...#
############...# #...#
#...# #...# #####


There were no monsters in sight!

Vanquished Creatures
  4 endoplasms
  2 giant cockroaches (D:1)
  2 goblins (D:1)
  4 hobgoblins
  A kobold (D:1)
  2 quokkas (D:1)
  A ball python (D:1)
  4 bats (D:1)
  A frilled lizard (D:1)
  3 rats (D:1)
24 creatures vanquished.

Notes
Turn   | Place    | Note
-------+----------+-------------------------------------------
     0 | D:1      | protoss039 the Demonspawn Earth Elementalist began the
                  | quest for the Orb.
     0 | D:1      | Reached XP level 1. HP: 13/13 MP: 3/3
   697 | D:1      | Gained mutation: You are partially covered in slimy green
                  | scales. (AC +2) [demonic ancestry]
   697 | D:1      | Reached XP level 2. HP: 20/20 MP: 3/5
   828 | D:1      | Reached skill level 1 in Fighting
   858 | D:1      | Reached skill level 3 in Earth Magic
  1342 | D:1      | Learned a level 2 spell: Passwall
  1343 | D:2      | Found an ornate altar of the Wu Jian Council.
  1384 | D:2      | Gained mutation: You may rarely emit foul miasma when
                  | damaged in melee. [demonic ancestry]
  1384 | D:2      | Reached XP level 3. HP: 26/26 MP: 2/6
  1464 | D:$      | Got out of the dungeon alive.

Illustrated notes

Levels and vault maps discovered:
D:1:      wander_arrival_peaceful_grave, layout_basic, minivault_19,
          corner_web_ring, minmay_tiny_reverse_x
D:2:      layout_basic, basic_altar, ebering_ecumenical_altar_box,
          hangedman_decor_slide_cut

Skill      XL: |  1  2 |
---------------+-------+-----
Fighting       | 1 |  1.3
Earth Magic    | 3 |  3.1
Dodging        | |  1.7
Stealth        | |  1.7
Spellcasting   | |  2.5
Transmutations | |  0.8

Action                   || total
-------------------------++-------
Melee: Staff             ||    12
       Unarmed           ||     8
 Cast: Sandblast         ||    34
  Use: Potion            ||     1
Armor: Robe              ||    10
Dodge: Dodged            ||    15
